 Dungeon Crawl Stone Soup version 0.28-a0-909-g796cbd3a86 (webtiles) character file.

Game seed: 13984450223772973286

1023 Turgor the Magician (level 8, -6/87 HPs)
             Began as a Djinni Fire Elementalist on Nov 24, 2021.
             Mangled by a hornet (8 damage)
             ... on level 8 of the Dungeon on Nov 25, 2021.
             The game lasted 00:39:26 (5873 turns).

Turgor the Magician (Djinni Fire Elementalist)      Turns: 5873, Time: 00:39:26

Health: -6/87      AC:  6    Str:  9    XL:     8   Next: 46%
Gold:   188        EV: 12    Int: 16    God:
                   SH:  0    Dex: 15

rFire   + + .      SeeInvis .   a - +2 dagger (holy)
rCold   . . .      Faith    .   (no shield)
rNeg    . . .      Spirit   .   u - +2 leather armour {rC+}
rPois   ∞          Reflect  .   (no helmet)
rElec   .          Harm     .   (no cloak)
rCorr   .          Rampage  .   w - +0 pair of gloves
Will    .....                   (boots unavailable)
Stlth   ..........              (no amulet)
HPRegen 0.24/turn               (no ring)
MPRegen 0.00/turn               (no ring)

@: mighty, berserking (expiring), flying, very quick
A: sickness immunity, fire resistance 2, cold vulnerability 1, float, innate
caster, hp casting, extra vitality 1
a: no special abilities


You were on level 8 of the Dungeon.
You visited 1 branch of the dungeon, and saw 7 of its levels.

You collected 188 gold pieces.

Inventory:

Hand Weapons
 a - a +2 dagger of holy wrath (weapon)
 h - a +0 vorpal hand axe
 i - a +2 dagger of electrocution
 q - a +2 dagger of venom
 t - a +2 hand axe of electrocution
Missiles
 d - 125 stones
 e - 98 arrows
 k - 47 sling bullets
 o - 38 poisoned darts (quivered)
Armour
 u - a +2 leather armour of cold resistance (worn)
 w - a +0 pair of gloves (worn)
Wands
 j - a wand of charming (5)
Scrolls
 c - a scroll of fog {unknown}
 g - a scroll of holy word {unknown}
 l - a scroll of amnesia {unknown}
 m - a scroll of magic mapping {unknown}
 r - a scroll of identify {unknown}
Potions
 p - a potion of attraction {unknown}
 s - 2 potions of flight
 v - a potion of mutation {unknown}


   Skills:
 + Level 4.8 Fighting
 + Level 2.5 Armour
 - Level 2.1 Dodging
 - Level 1.5 Stealth
 * Level 6.0 Spellcasting


You had one spell level left.
You knew the following spells:

 Your Spells              Type           Power      Damage    Failure   Level
a - Foxfire               Conj/Fire      96%        2x1d8     1%          1
b - Scorch                Fire           48%        2d7       2%          2
c - Conjure Flame         Conj/Fire      24%        6-21      4%          3
d - Inner Flame           Hex/Fire       24%        N/A       4%          3
e - Flame Wave            Conj/Fire      24%        3d6       16%         4
f - Freeze                Ice            96%        1d11      1%          1
g - Wereblood             Tmut           24%        N/A       2%          2
h - Poisonous Vapours     Pois/Air       48%        N/A       2%          2
Your spell library was empty.

Dungeon Overview and Level Annotations

Branches:
Dungeon (9/15)
 Temple: D:4-7         Lair: D:8-11         Orc: D:9-12

Altars:
Vehumet

Annotations:
D:9 1 runed translucent door


Innate Abilities, Weirdness & Mutations

You are immune to sickness and miasma.
You are immune to poison.
Your flesh is very heat resistant. (rF++)
You are vulnerable to cold. (rC-)
You float through the air rather than walking.
You learn spells naturally, not from books.
Your magical power is your life essence.
You have superior vitality. (+4 HP)


Message History

Flames lash the wight.
You destroy the wight!
* * * LOW HITPOINT WARNING * * *
Unknown command.
Your +2 dagger of venom stops dripping with poison.
Your +2 dagger of holy wrath softly glows with a divine radiance!
a - a +2 dagger of holy wrath (weapon)
Really attack your wight? [Y]es or [N]o only, please.
Really attack your wight?
You strike your helpless wight from behind!
You hit your wight.
You destroy your wight!
Things that are here:
a +1 mace of protection; a +0 robe
Items here: ))) [[[ †.
It was a potion of berserk rage.
A red film seems to cover your vision as you go berserk!
You feel yourself moving faster!
You feel mighty!
You feel a strong urge to attack something.
The orc warrior hits you with a +0 halberd!
* * * LOW HITPOINT WARNING * * *
You hit the orc warrior but do no damage.
You hit the orc warrior but do no damage.
The orc warrior closely misses you.
You hit the orc warrior.
The orc warrior is lightly wounded.
The orc warrior barely misses you.
You hit the orc warrior but do no damage.
The orc warrior is lightly wounded.
You completely miss the orc warrior.
The orc warrior is lightly wounded.
The orc warrior barely misses you.
You closely miss the orc warrior.
The orc warrior is lightly wounded.
The hornet misses you.
You hit the orc warrior but do no damage.
The orc warrior is lightly wounded.
The hornet stings you!
You die...

.#. . ..#.
))# #)# #.#
#o# ##)#####
#......#
#.@....#
#.oy...#
####......#
.y.........#
...........#
............#
............#
.......o....#
.....[......#


You could see a hornet, an orc warrior, an orc priest and an orc.

Vanquished Creatures
  A centaur (D:5)
  A scorpion (D:4)
  A water moccasin skeleton (D:3)
  2 wights (D:8)
  A jelly (D:4)
  A centaur zombie (D:5)
  2 orc priests
  2 hounds (D:4)
  A bullfrog skeleton (D:5)
  A gnoll shaman (D:4)
  2 iguanas (D:4)
  8 orc wizards
  A howler monkey zombie (D:9)
  5 gnolls (D:4)
  6 adders
  An adder zombie (D:5)
  2 worms
  3 dart slugs
  19 orcs
  9 ball pythons
  5 endoplasms
  3 giant cockroaches
  4 hobgoblins
  10 jackals
  9 kobolds
  3 quokkas
  4 bats
  2 frilled lizards
  5 goblins
  3 rats
117 creatures vanquished.

Vanquished Creatures (collateral kills)
  A wight (D:8)
1 creature vanquished.

Vanquished Creatures (others)
  An orc wizard (D:8)
  200 foxfires
201 creatures vanquished.

Grand Total: 319 creatures vanquished

Notes
Turn   | Place    | Note
-------+----------+-------------------------------------------
     0 | D:1      | Turgor the Djinni Fire Elementalist began the quest for the
                  | Orb.
     0 | D:1      | Reached XP level 1. HP: 15/15 MP: 0/0
   164 | D:1      | Reached XP level 2. HP: 22/22 MP: 0/0
   438 | D:1      | Reached skill level 1 in Fighting
   477 | D:1      | Found a faded altar of an unknown god.
   861 | D:1      | Reached XP level 3. HP: 26/27 MP: 0/0
   861 | D:1      | Learned a level 1 spell: Freeze
  1092 | D:2      | Reached skill level 3 in Spellcasting
  1917 | D:2      | Reached XP level 4. HP: 30/33 MP: 0/0
  2627 | D:3      | Reached XP level 5. HP: 21/39 MP: 0/0
  2627 | D:3      | Learned a level 2 spell: Wereblood
  3195 | D:4      | Reached skill level 4 in Spellcasting
  3337 | D:4      | Reached XP level 6. HP: 28/45 MP: 0/0
  3926 | D:4      | Reached XP level 7. HP: 45/50 MP: 0/0
  3926 | D:4      | Learned a level 2 spell: Poisonous Vapours
  4255 | D:4      | Reached skill level 5 in Spellcasting
  4843 | D:5      | Entered Level 5 of the Dungeon
  5306 | D:5      | Reached skill level 1 in Armour
  5402 | D:5      | Reached XP level 8. HP: 43/58 MP: 0/0
  5652 | D:5      | You are sucked into a shaft and drop 3 floors!
  5658 | D:8      | Noticed a hornet
  5663 | D:9      | Found a runed translucent door.
  5859 | D:8      | Reached skill level 6 in Spellcasting
  5866 | D:8      | HP: 1/87 [orc warrior (11)]
  5873 | D:8      | Mangled by a hornet

Illustrated notes

Levels and vault maps discovered:
D:1:      psy_arrival_fountain, layout_loops_ring,
          shapermc_ecumenical_altar_starsandcircs
D:2:      layout_basic, minmay_misc_feat_ornament
D:3:      layout_loops_ring, chequers_serial_rivers_micro_c, fountainhead
D:4:      layout_loops_corners, nicolae_vehumet_altar_sigil
D:5:      layout_basic
D:8:      layout_rooms, minmay_lair_entry_grove, serial_shops, shop
D:9:      layout_cave_pods, hellmonk_ghost_happy_afterlife

Skill      XL: |  1  2  3  4  5  6  7  8 |
---------------+-------------------------+-----
Fighting       | 1 2 3 4 |  4.8
Spellcasting   | 3 4 5 6 |  6.0
Armour         | 1 2 |  2.5
Dodging        | |  2.1
Stealth        | |  1.5

Action                   |  1- 3 |  4- 6 |  7- 9 || total
-------------------------+-------+-------+-------++-------
Melee: Short sword       |     7 |       |       ||     7
       Dagger            |     9 |     4 |    12 ||    25
Throw: Dart              |       |     8 |    16 ||    24
 Cast: Foxfire           |    37 |    32 |    45 ||   114
       Scorch            |    10 |    32 |    44 ||    86
       Poisonous Vapours |       |       |     4 ||     4
       Conjure Flame     |       |       |     3 ||     3
Evoke: Wand              |       |       |     4 ||     4
  Use: Scroll            |       |     1 |     2 ||     3
       Potion            |       |       |     3 ||     3
 Stab: Sleeping          |     1 |       |       ||     1
       Betrayed ally     |       |       |     1 ||     1
Armor: Robe              |     5 |     3 |       ||     8
       Leather armour    |       |       |     9 ||     9
Dodge: Dodged            |    14 |     9 |    19 ||    42

Table legend: (Time is in decaauts)
 A = Elapsed time spent in this place.
 B = Non-inter-level travel time spent in this place.
 C = Inter-level travel time spent in this place.
 D = Time resting spent in this place.
 E = Time spent auto-exploring this place.
 F = Levels seen in this place.
 G = Mean time per level.
                   A        B        C        D        E       F      G
               +--------+--------+--------+--------+--------+-----+--------+
         Total |   5869 |   5767 |    102 |   1375 |   3363 |   7 |  838.4 |
       Dungeon |   5869 |   5767 |    102 |   1375 |   3363 |   7 |  838.4 |
               +--------+--------+--------+--------+--------+-----+--------+

Top non-repeatable levels by time:
     D:4: 1695 daAuts
     D:2: 1088 daAuts
     D:1: 1065 daAuts
     D:3: 995 daAuts
     D:5: 807 daAuts
     D:9: 163 daAuts
     D:8: 53 daAuts
